 Dungeon Crawl Stone Soup version 0.29-a0-2-g12fcac58f8 (webtiles) character file.

Game seed: 7037631619930663084

35 hashsling the Stinger (level 3, -2/24 HPs)
             Began as a Merfolk Venom Mage on Jan 26, 2022.
             Slain by an ogre (26 damage)
             ... on level 2 of the Dungeon.
             The game lasted 00:05:31 (1639 turns).

hashsling the Stinger (Merfolk Venom Mage)          Turns: 1639, Time: 00:05:31

Health: -2/24      AC:  2    Str:  8    XL:     3   Next: 35%
Magic:  0/6        EV: 13    Int: 22    God:
Gold:   52         SH:  0    Dex: 14    Spells: 3/6 levels left

rFire   . . .      SeeInvis .   h - +0 trident
rCold   . . .      Faith    .   (no shield)
rNeg    . . .      Spirit   .   a - +0 robe
rPois   .          Reflect  .   (no helmet)
rElec   .          Harm     .   (no cloak)
rCorr   .          Rampage  .   (no gloves)
Will    .....                   (no boots)
Stlth   ++........              (no amulet)
HPRegen 0.08/turn               c - +6 ring of intelligence
MPRegen 0.10/turn               (no ring)

@: no status effects
A: (nimble swimmer 2), mertail
a: no special abilities


You were on level 2 of the Dungeon.
You visited 1 branch of the dungeon, and saw 2 of its levels.

You collected 52 gold pieces.

Inventory:

Hand Weapons
 h - a +0 trident (weapon)
Armour
 a - a +0 robe (worn)
Jewellery
 c - a +6 ring of intelligence (left hand)
Scrolls
 b - a scroll of amnesia {unknown}
 e - a scroll of fog {unknown}
 f - a scroll of blinking {unknown}
 g - a scroll of teleportation {unknown}
 j - a scroll of identify {unknown}
 k - 2 scrolls of enchant armour {unknown}
 l - a scroll of enchant weapon {unknown}
Potions
 d - a potion of haste {unknown}
 i - a potion of heal wounds {unknown}


   Skills:
 + Level 1.0 Polearms
 + Level 3.2 Dodging
 - Level 2.1 Stealth
 + Level 2.4 Spellcasting
 - Level 2.0 Transmutations
 * Level 3.8 Poison Magic


You had 3 spell levels left.
You knew the following spells:

 Your Spells              Type           Power      Damage    Failure   Level
a - Sting                 Tmut/Pois      60%        1d6       4%          1
b - Poisonous Vapours     Pois/Air       22%        N/A       9%          2

Your spell library contained the following spells:

 Spells                   Type           Power      Damage    Failure   Level
 Mephitic Cloud           Conj/Pois/Air  8%         N/A       24%         3
 Confusing Touch          Hex            2%         N/A       36%         3
 Olgreb's Toxic Radiance  Pois           19%        N/A       26%         4
 Yara's Violent Unravell  Hex/Tmut       3%         3d4       94%         5
 Enfeeble                 Hex            1%         N/A       100%        7


Dungeon Overview and Level Annotations

Branches:
Dungeon (2/15)

Altars:

Shops:
D:1 [*?((


Innate Abilities, Weirdness & Mutations

((You are very nimble when in or above water. (Stealth+, EV+, Speed+++)))
Your lower body shifts to a powerful aquatic tail in water.


Message History

Casting: Sting (safe; 4% risk of failure)
Confirm with . or Enter, or press ? or * to list all spells.
Aiming: Poisonous Vapours (safe; 9% risk of failure)
Press: ? - help, Dir - move target, f - ogre
Aim: an ogre, wielding a +0 giant club Poisonous vapours surround the ogre!
The ogre is poisoned.
Casting: Poisonous Vapours (safe; 9% risk of failure)
Confirm with . or Enter, or press ? or * to list all spells.
Aiming: Poisonous Vapours (safe; 9% risk of failure)
Press: ? - help, Dir - move target, f/p - ogre
Aim: an ogre, wielding a +0 giant club (poisoned)
You miscast Poisonous Vapours.
You are very lightly contaminated with residual magic.
Nothing appears to happen.
Casting: Poisonous Vapours (safe; 9% risk of failure)
Confirm with . or Enter, or press ? or * to list all spells.
Aiming: Sting (safe; 4% risk of failure)
Press: ? - help, Shift-Dir - straight line, f/p - ogre
Aim: an ogre, wielding a +0 giant club (poisoned, 88% to hit)
The sting misses the ogre.
Casting: Sting (safe; 4% risk of failure)
Confirm with . or Enter, or press ? or * to list all spells.
Aiming: Sting (safe; 4% risk of failure)
Press: ? - help, Shift-Dir - straight line, f/p - ogre
Aim: an ogre, wielding a +0 giant club (lightly wounded, poisoned, 88% to hit)
The sting hits the ogre.
The ogre looks even sicker.
The ogre is lightly wounded.
Your magical contamination has completely faded away.
Casting: Sting (safe; 4% risk of failure)
Confirm with . or Enter, or press ? or * to list all spells.
Aiming: Sting (safe; 4% risk of failure)
Press: ? - help, Shift-Dir - straight line, f/p - ogre
Aim: an ogre, wielding a +0 giant club (heavily wounded, poisoned, 88% to hit)
The sting misses the ogre.
The ogre barely misses you.
You hit the ogre but do no damage.
The ogre is heavily wounded.
The ogre looks more healthy.
The ogre hits you with a +0 giant club!!
Ouch! That really hurt!
You die...

#.# #.# #.######### #.#
#.#.......## #.# #.#........#####
#.# #.#.......)....####### #.#
######.#.....≈≈≈....##....### #.#
.............≈_≈............# #..
########.....≈≈≈.#####....#.#####
..)............O@................
#########.....########....#..###.
####### #....##..... #.#####..##.
#.#......#.. #.#.###..#..
#####.#.####.#.. #...............
#.......####.#.#


You could see an ogre.

Vanquished Creatures
  A worm (D:2)
  A dart slug (D:2)
  2 ball pythons
  An endoplasm (D:1)
  3 hobgoblins
  3 kobolds
  4 quokkas
  A bat (D:1)
  6 goblins
  8 rats
30 creatures vanquished.

Notes
Turn   | Place    | Note
-------+----------+-------------------------------------------
     0 | D:1      | hashsling the Merfolk Venom Mage began the quest for the
                  | Orb.
     0 | D:1      | Reached XP level 1. HP: 13/13 MP: 3/3
    20 | D:1      | Found Waki's General Store.
   155 | D:1      | Reached XP level 2. HP: 19/19 MP: 0/5
   245 | D:1      | Learned a level 2 spell: Poisonous Vapours
   374 | D:1      | Found Ryrouly's Antique Armour Shop.
   711 | D:1      | Found Cisoc's Antique Weapon Shop.
   747 | D:1      | Found Epon's Magic Scroll Shop.
   777 | D:1      | Found Heululux's Weapon Shop.
  1231 | D:2      | Reached XP level 3. HP: 12/24 MP: 0/6
  1577 | D:2      | Found a faded altar of an unknown god.
  1586 | D:2      | Reached skill level 1 in Polearms
  1622 | D:2      | Noticed an ogre
  1639 | D:2      | Slain by an ogre

Illustrated notes

Levels and vault maps discovered:
D:1:      amcnicky_arrival_gap_in_the_tavern_cellar, layout_loops_ring,
          serial_shops, nicolae_shop_waterfront, nicolae_shop_statue_plus,
          nicolae_shop_advertising_works [nicolae_subvault_shop_adworks],
          nicolae_shop_overgrown_old_shop, nicolae_shop_behind_doors
D:2:      layout_basic, hellmonk_ecumenical_altar_pennies_from_heaven,
          uniq_sigmund

Skill      XL: |  1  2  3 |
---------------+----------+-----
Dodging        | 3 |  3.2
Transmutations | 2 |  2.0
Polearms       | 1 |  1.0
Stealth        | |  2.1
Spellcasting   | |  2.4
Poison Magic   | |  3.8

Action                   || total
-------------------------++-------
Melee: Short sword       ||    21
       Unarmed           ||     1
       Trident           ||    30
 Cast: Sting             ||    31
       Poisonous Vapours ||     9
 Stab: Sleeping          ||     2
Armor: Robe              ||     8
Dodge: Dodged            ||    38

Table legend: (Time is in decaauts)
 A = Elapsed time spent in this place.
 B = Non-inter-level travel time spent in this place.
 C = Inter-level travel time spent in this place.
 D = Time resting spent in this place.
 E = Time spent auto-exploring this place.
 F = Levels seen in this place.
 G = Mean time per level.
                   A        B        C        D        E       F      G
               +--------+--------+--------+--------+--------+-----+--------+
         Total |   1642 |   1627 |     15 |      0 |   1362 |   2 |  821.0 |
       Dungeon |   1642 |   1627 |     15 |      0 |   1362 |   2 |  821.0 |
               +--------+--------+--------+--------+--------+-----+--------+

Top non-repeatable levels by time:
     D:1: 1136 daAuts
     D:2: 506 daAuts
